 Dungeon Crawl Stone Soup version 0.31-a0-1074-g0b22e4e0f1 (webtiles) character file.

Game seed: 13206565614985962971

681 timneilson the Ruffian (level 7, -3/46 HPs)
             Began as an Octopode Shapeshifter on Dec 4, 2023.
             Splashed by a jelly's acid (10 damage)
             ... on level 4 of the Dungeon.
             The game lasted 00:05:28 (3191 turns).

timneilson the Ruffian (Octopode Shapeshifter)      Turns: 3191, Time: 00:05:28

Health: -3/46      AC:  1    Str: 15    XL:     7   Next: 61%
Magic:  7/7        EV: 14    Int: 13    God:
Gold:   153        SH:  0    Dex: 11    Spells: 6/6 levels left

rFire   . .          .
                       - Unarmed
rCold   . . .        (no shield)
rNeg    . . .        (helmet currently unavailable)
rPois   .            (no amulet)
rElec   .            (no ring)
rCorr   .            (no ring)
SInv    .            (no ring)
Will    .....        (no ring)
Stlth   +++          (no ring)
HPRegen 0.27/turn    (no ring)
MPRegen 0.10/turn    (no ring)
                     (no ring)

%: no passive effects
@: beast-form
A: beast (slay +2), almost no armour, amphibious, 8 rings, camouflage 1,
gelatinous body 1, (nimble swimmer 1), tentacles
a: Begin Untransformation


You were on level 4 of the Dungeon.
You were a hulking beast.
You visited 1 branch of the dungeon, and saw 4 of its levels.
You also visited: Sewer.

You collected 153 gold pieces.

Inventory:

Talismans
 b - a beast talisman
 c - a flux talisman
Wands
 k - a wand of iceblast (4)
Scrolls
 e - 3 scrolls of teleportation
 i - a scroll of amnesia
 l - a scroll of enchant armour
 n - a scroll of blinking
 p - a scroll of vulnerability
 q - a scroll of fear
Potions
 a - 2 potions of lignification
 d - a potion of resistance {unknown}
 f - a potion of degeneration {unknown}
 g - 3 potions of berserk rage
 h - a potion of curing
 j - 2 potions of brilliance {unknown}
 m - a potion of attraction {unknown}
 o - 2 potions of mutation {unknown}
 r - a potion of magic {unknown}


   Skills:
 * Level 3.6 Fighting
 * Level 4.0 Dodging
 + Level 3.0 Stealth
 * Level 4.6 Unarmed Combat
 + Level 2.2 Evocations
 * Level 4.5 Shapeshifting


You had 6 spell levels left.
You didn't know any spells.
Your spell library contained the following spells:

 Spells                   Type           Power      Damage    Failure   Level
 Apportation              Tloc           0%         N/A       30%         1
 Jinxbite                 Hex            0%         N/A       43%         2
 Inner Flame              Hex/Fire       0%         N/A       67%         3
 Alistair's Intoxication  Tmut/Pois      0%         N/A       100%        5
 Yara's Violent Unravell  Hex/Tmut       0%         3d3       100%        5
 Enfeeble                 Hex            0%         N/A       100%        7


Dungeon Overview and Level Annotations

Branches:
Dungeon (4/15)              Sewer (visited)
 Temple: D:4-7

Altars:
Sif Muna
Xom

Shops:
D:1 ?   D:2 !


Innate Abilities, Weirdness & Mutations

You are a hulking beast.
Your limbs bulge with bestial killing power. (Slay +2)
You cannot wear most types of armour.
You are amphibious.
You can wear up to eight rings at the same time.
Your skin changes colour to match your surroundings (Stealth+).
Your rubbery body absorbs attacks. (AC +1, EV +1)
((You are camouflaged when in or above water. (Stealth+)))
You have tentacles for arms and can constrict up to eight enemies at once.


Message History

The puff of flame hits you! The jelly misses you.
You tentacle-slap Blork the orc. You grab Blork the orc.
You squeeze Blork the orc.
Blork the orc is heavily wounded.
You constrict Blork the orc. Blork the orc barely misses you.
The jelly closely misses you.
Unknown command.
You tentacle-slap Blork the orc. You squeeze Blork the orc.
Blork the orc is severely wounded.
You constrict Blork the orc. Blork the orc barely misses you.
The iguana bites you. The goblin misses you. The jelly barely misses you.
You tentacle-slap Blork the orc.
Blork the orc is almost dead.
You constrict Blork the orc. Blork the orc closely misses you.
The iguana bites you. The goblin hits you with a +0 club. The jelly misses you.
Unknown command.
You tentacle-slap Blork the orc.
You kill Blork the orc!
The goblin barely misses you. The jelly misses you. The iguana bites you!
Your Dodging skill increases to level 4!
Your Stealth skill increases to level 3!
Unknown command.
You tentacle-slap the jelly but do no damage.
Your tentacles burn!
You tentacle-slap the jelly. You squeeze the jelly.
The jelly is heavily wounded.
The goblin hits you with a +0 club.
* * * LOW HITPOINT WARNING * * *
The jelly hits you.
* * * LOW HITPOINT WARNING * * *
You are splashed with acid.
* * * LOW HITPOINT WARNING * * *
The iguana hisses menacingly.
The iguana bites you.
* * * LOW HITPOINT WARNING * * *
You feel better. The goblin hits you with a +0 club.
* * * LOW HITPOINT WARNING * * *
The jelly hits you.
* * * LOW HITPOINT WARNING * * *
You are splashed with acid!
You die...

# #
########################
#.....g................'
#.....)h.............###
#.....Jl##.###.##.##.# #
#####....#.# #.<#.##.# #
#.##.#.. ...#.##.### ...
.#..#...#.##..## ....
....J.###.###.## #...
##.... ..# #.## ####
#.... ### #..# #####.#


You could see an iguana, a jelly and a goblin.

Vanquished Creatures
  Sigmund (D:2)
  Blork the orc (D:4)
  2 bullfrogs (Sewer)
  2 scorpions (D:4)
  An iguana (D:4)
  5 adders
  A worm (D:4)
  A dart slug (D:2)
  5 orcs (D:4)
  16 ball pythons
  3 bats
  13 endoplasms
  12 giant cockroaches
  6 goblins
  3 hobgoblins
  10 quokkas
  16 frilled lizards
  11 kobolds
  5 rats
114 creatures vanquished.

Notes
Turn   | Place    | Note
-------+----------+-------------------------------------------
     0 | D:1      | timneilson the Octopode Shapeshifter began the quest for
                  | the Orb.
     0 | D:1      | Reached XP level 1. HP: 13/13 MP: 1/1
    76 | D:1      | Found Hopuas's Magic Scroll Boutique.
   110 | D:1      | Reached XP level 2. HP: 18/18 MP: 2/2
   457 | D:1      | Reached XP level 3. HP: 20/23 MP: 3/3
   776 | D:2      | Found Uloitsoth's Distillery.
  1040 | D:2      | Found a faded altar of an unknown god.
  1182 | D:2      | Reached skill level 1 in Stealth
  1195 | D:2      | Noticed Sigmund
  1206 | D:2      | Killed Sigmund
  1207 | D:2      | Reached skill level 1 in Evocations
  1207 | D:2      | Reached XP level 4. HP: 9/30 MP: 4/4
  1207 | D:2      | Reached XP level 5. HP: 11/35 MP: 5/5
  1527 | D:3      | Reached XP level 6. HP: 41/41 MP: 6/6
  2121 | D:3      | Found a shimmering altar of Xom.
  2121 | D:3      | Found a shimmering blue altar of Sif Muna.
  2484 | D:4      | HP: 1/42 [kobold/+0 short sword (4)]
  2524 | D:4      | Found a glowing drain.
  2535 | Sewer    | Entered a sewer
  2724 | Sewer    | Reached XP level 7. HP: 28/46 MP: 7/7
  3180 | D:4      | Noticed Blork the orc
  3189 | D:4      | Killed Blork the orc
  3190 | D:4      | HP: 2/46 [iguana (3)]
  3191 | D:4      | Splashed by a jelly's acid

Illustrated notes

Levels and vault maps discovered:
D:1:      dpeg_arrival_lava_temple_mockup, layout_loops_ring, serial_shops,
          shop, minmay_tromino_v2
D:2:      layout_loops_ring, serial_shops, nicolae_shop_waterfront,
          nicolae_ecumenical_oubliette, mrwooster_statue_mirror,
          kennysheep_generic_room_7, uniq_sigmund
D:3:      layout_basic, gammafunk_temple_overflow_elements
D:4:      layout_basic, cheibrodos_sewer_entry_drain, uniq_blork_the_orc

Skill      XL: |  1  2  3  4  5  6  7 |
---------------+----------------------+-----
Stealth        | 2 3 |  3.0
Fighting       | 2 3 |  3.6
Dodging        | 3 4 |  4.0
Evocations     | 1 2 |  2.2
Unarmed Combat | 4 |  4.6
Shapeshifting  | 4 |  4.5

Action                     |  1- 3 |  4- 6 |  7- 9 || total
---------------------------+-------+-------+-------++-------
  Melee: Unarmed           |    65 |    87 |    46 ||   198
         Constrict         |    16 |    19 |    16 ||    51
         Tentacles         |    15 |    17 |    13 ||    45
         Punch             |     2 |     3 |     1 ||     6
    Use: Scroll            |     3 |     7 |       ||    10
         Potion            |       |     1 |     1 ||     2
   Stab: Sleeping          |     8 |    14 |     8 ||    30
 Armour: Skin              |    28 |    36 |    19 ||    83
  Dodge: Dodged            |    40 |    43 |    32 ||   115

Table legend: (Time is in decaauts)
 A = Elapsed time spent in this place.
 B = Non-inter-level travel time spent in this place.
 C = Inter-level travel time spent in this place.
 D = Time resting spent in this place.
 E = Time spent auto-exploring this place.
 F = Levels seen in this place.
 G = Mean time per level.
                   A        B        C        D        E       F      G
               +--------+--------+--------+--------+--------+-----+--------+
         Total |   3175 |   3037 |    138 |     60 |   2198 |   5 |  635.0 |
       Dungeon |   2699 |   2561 |    138 |      0 |   1990 |   4 |  674.8 |
         Sewer |    476 |    476 |      0 |     60 |    208 |   1 |  476.0 |
               +--------+--------+--------+--------+--------+-----+--------+

Top non-repeatable levels by time:
     D:3: 888 daAuts
     D:2: 793 daAuts
     D:1: 704 daAuts
   Sewer: 476 daAuts
     D:4: 312 daAuts
